 Dungeon Crawl Stone Soup version 0.31-a0-263-ge8cad7f256 (webtiles) character file.

Game seed: 9752863457525860623

182 qw the Shooter (level 5, 0/45 HPs)
             Began as a Minotaur Hexslinger on July 13, 2023.
             Succumbed to Terence's poison
             ... on level 3 of the Dungeon.
             The game lasted 00:00:59 (1820 turns).

qw the Shooter (Minotaur Hexslinger)                Turns: 1820, Time: 00:00:59

Health: 0/45       AC:  5    Str: 11 (12) XL:     5   Next: 34%
Magic:  5/5        EV: 12    Int:  8 (10) God:
Gold:   130        SH:  0    Dex: 15      Spells: 5/6 levels left

rFire   . . .        Y - +1 sling
rCold   . . .        (no shield)
rNeg    . . .        e - +0 leather armour
rPois   .            (helmet restricted)
rElec   .            a - +0 cloak
rCorr   .            f - +0 pair of gloves
SInv    .            (no boots)
Will    .....        (no amulet)
Stlth   +            (no ring)
HPRegen 0.27/turn    (no ring)
MPRegen 0.09/turn

%: no passive effects
@: lethally poisoned (0 -> -8)
A: horns 2, retaliatory headbutt
a: no special abilities


You were on level 3 of the Dungeon.
You visited 1 branch of the dungeon, and saw 3 of its levels.

You collected 130 gold pieces.


Innate Abilities, Weirdness & Mutations

You have a pair of horns on your head.
You reflexively headbutt those who attack you in melee.


   Skills:
 - Level 3.1 Fighting
 + Level 5.2 Ranged Weapons
 - Level 1.6 Armour
 - Level 2.1 Dodging
 - Level 1.0 Spellcasting
 - Level 2.0 Hexes


You had 5 spell levels left.
You knew the following spells:

 Your Spells              Type           Power      Damage    Failure   Level
a - Slow                  Hex            12%        N/A       22%         1

Your spell library contained the following spells:

 Spells                   Type           Power      Damage    Failure   Level
 Inner Flame              Hex/Fire       2%         N/A       71%         3
 Portal Projectile        Hex/Tloc       4%         N/A       71%         3
 Cause Fear               Hex            1%         N/A       92%         4

Inventory:

Hand Weapons
 Y - a +1 sling (weapon)
Armour
 a - a +0 cloak (worn)
 b - a +0 ring mail
 e - a +0 leather armour (worn)
 f - a +0 pair of gloves (worn)
Scrolls
 c - a scroll of identify
Potions
 d - a potion of heal wounds
 g - a potion of experience {unknown}
 h - a potion of lignification {unknown}
 i - a potion of brilliance {unknown}
 n - a potion of ambrosia {unknown}

Dungeon Overview and Level Annotations

Branches:
Dungeon (3/15)

Altars:


Message History

You are more poisoned.
You shoot a sling bullet. The sling bullet barely misses Terence.
You feel very sick. Terence closely misses you.
You shoot a sling bullet.
The sling bullet hits Terence but does no damage.
Terence is lightly wounded.
You feel very sick. Terence closely misses you. You furiously retaliate!
You headbutt Terence! You shoot a sling bullet.
The sling bullet barely misses Terence.
You feel very sick.
Terence hits you with a +2 short sword of venom.
You are more poisoned.
You shoot a sling bullet. The sling bullet barely misses Terence.
You feel very sick.
Terence hits you with a +2 short sword of venom.
You are more poisoned.
1814 ||| DRINKING 2 potions of heal wounds.
You feel much better.
You feel very sick.
Terence hits you with a +2 short sword of venom.
You are lethally poisoned!
You shoot a sling bullet.
The sling bullet hits Terence but does no damage.
Terence is severely wounded.
You feel extremely sick. Terence misses you. You furiously retaliate!
You headbutt Terence!
You kill Terence!
You feel your strength returning.
Your Armour skill increases to level 1!
There is a lethal amount of poison in your body!
You feel very sick.
There is a lethal amount of poison in your body!
You feel very sick.
There is a lethal amount of poison in your body!
You feel very sick.
There is a lethal amount of poison in your body!
You feel very sick.
There is a lethal amount of poison in your body!
You die...

#. #.....#
###....).#
.. #.....#
#...#### .
#.....#
#....# #.
#.....#
#.##.#
#.##.....#
#.. #.#
#...######
#.# #.#
###.### ..
#.# #.).#
##. ...
###@#
#.....#
#######


There were no monsters in sight!

Vanquished Creatures
  A hound (D:3)
  Ijyb (D:3)
  Terence (D:3)
  4 adders
  2 worms (D:2)
  A dart slug (D:2)
  3 bats
  4 endoplasms (D:2)
  2 giant cockroaches (D:2)
  5 goblins
  4 hobgoblins
  3 jackals (D:1)
  8 kobolds
  5 quokkas
  6 ball pythons
  2 frilled lizards
  6 rats
58 creatures vanquished.

Notes
Turn   | Place    | Note
-------+----------+-------------------------------------------
     0 | D:1      | qw the Minotaur Hexslinger began the quest for the Orb.
     0 | D:1      | Reached XP level 1. HP: 16/16 MP: 1/1
     0 | D:1      | 0 ||| qw: Version: 0.3-a-52-g30416fa
     0 | D:1      | 0 ||| qw: Game counter: 7127
     0 | D:1      | 0 ||| qw: Melee chars always use a shield: true
     0 | D:1      | 0 ||| qw: God list: Okawaru
     0 | D:1      | 0 ||| qw: Allow faded altars: false
     0 | D:1      | 0 ||| qw: Do Orc after clearing Dungeon:15 true
     0 | D:1      | 0 ||| qw: Do second Lair branch before Depths: true
     0 | D:1      | 0 ||| qw: Lair rune preference: random
     0 | D:1      | 0 ||| qw: Goals: Normal
     0 | D:1      | 0 ||| PLANNING D:1-11
   152 | D:1      | Reached skill level 3 in Ranged Weapons
   172 | D:1      | Reached XP level 2. HP: 23/23 MP: 2/2
   368 | D:1      | 368 ||| FLEEEEING.
   394 | D:1      | 394 ||| UPGRADING to +0 leather armour.
   414 | D:1      | 414 ||| DROPPING +0 robe.
   426 | D:1      | 426 ||| READING scroll labelled NAEGEU UCONURU.
   502 | D:1      | 502 ||| UPGRADING to +0 cloak.
   633 | D:1      | 633 ||| DROPPING scroll of poison.
   671 | D:2      | Identified the +2 falchion of Bespelled Guile {drain,
                  | Int+3}
   731 | D:2      | Reached XP level 3. HP: 29/29 MP: 3/3
   883 | D:2      | Reached skill level 4 in Ranged Weapons
   992 | D:2      | Reached XP level 4. HP: 33/36 MP: 4/4
  1304 | D:2      | 1304 ||| UPGRADING to +0 pair of gloves.
  1309 | D:2      | 1309 ||| READING scroll labelled ALASUE MAREL.
  1313 | D:2      | 1313 ||| READING scroll labelled UTOOMI EKHLISHRI.
  1314 | D:2      | 1314 ||| READING scroll labelled QIETOB IKIM.
  1315 | D:2      | 1315 ||| READING scroll labelled ZOGRUMO ICVAGEMA.
  1316 | D:2      | 1316 ||| READING scroll labelled HUAFOA ERPHA.
  1317 | D:2      | 1317 ||| DRINKING 2 emerald potions.
  1318 | D:2      | 1318 ||| DRINKING 2 sapphire potions.
  1319 | D:2      | 1319 ||| DROPPING potion of degeneration.
  1395 | D:3      | Reached skill level 5 in Ranged Weapons
  1503 | D:3      | Noticed Ijyb
  1523 | D:3      | Killed Ijyb
  1524 | D:3      | Reached XP level 5. HP: 16/44 MP: 5/5
  1768 | D:3      | Reached skill level 3 in Fighting
  1798 | D:3      | Noticed Terence
  1813 | D:3      | HP: 9/45 [Terence/+2 short sword of venom (4)]
  1814 | D:3      | 1814 ||| DRINKING 2 potions of heal wounds.
  1815 | D:3      | Killed Terence
  1816 | D:3      | Reached skill level 1 in Armour
  1818 | D:3      | HP: 4/45 [poisoned by Terence]
  1819 | D:3      | HP: 1/45 [poisoned by Terence]
  1820 | D:3      | Succumbed to Terence's poison

Levels and vault maps discovered:
D:1:      minmay_arrival_arboretum_small, layout_basic, minmay_misc_feat_square,
          lexackson_kobold_supper
D:2:      layout_loops_ring, hangedman_decor_slide_cut, minmay_vboxes
D:3:      layout_rooms, mainiacjoe_overflow_boulevard, uniq_ijyb, uniq_terence

Skill      XL: |  1  2  3  4  5 |
---------------+----------------+-----
Ranged Weapons | 3 4 5 |  5.2
Fighting       | 2 3 |  3.1
Armour         | 1 |  1.6
Dodging        | |  2.1
Spellcasting   | |  1.0
Hexes          | |  2.0

Action                     |  1- 3 |  4- 6 || total
---------------------------+-------+-------++-------
   Fire: Sling             |   114 |    86 ||   200
    Use: Scroll            |     1 |     5 ||     6
         Potion            |       |     3 ||     3
 Armour: Leather armour    |     4 |     5 ||     9
         Robe              |     1 |       ||     1
  Dodge: Dodged            |    19 |    29 ||    48

Table legend:
 A = Non-vault XP
 B = Vault XP
 C = Vault XP percentage of total XP
 D = Non-vault monster count
 E = Vault monster count
 F = Vault count percentage of total count
                 A         B        C        D         E       F
            +---------+---------+-------+---------+---------+-------
      Total |     165 |      95 |  36.5 |      41 |      17 |  29.3
            +---------+---------+-------+---------+---------+-------
        D:1 |      24 |      12 |  33.3 |      14 |       8 |  36.4
        D:2 |      72 |      11 |  13.3 |      17 |       7 |  29.2
        D:3 |      69 |      72 |  51.1 |      10 |       2 |  16.7
            +---------+---------+-------+---------+---------+-------
